 Dungeon Crawl Stone Soup version 0.31-a0-196-g86fe4a5e66 (webtiles) character file.

Game seed: 13387329971289234570

176 Anon1729 the Trooper (level 5, -2/42 HPs)
             Began as a Mummy Monk on June 24, 2023.
             Killed by divine providence
             ... invoked by an orc priest
              (10 damage)
             ... on level 4 of the Dungeon.
             The game lasted 00:03:09 (2758 turns).

Anon1729 the Trooper (Mummy Monk)                   Turns: 2758, Time: 00:03:10

Health: -2/42      AC:  5    Str: 17    XL:     5   Next: 30%
Magic:  5/5        EV: 13    Int: 12    God:
Gold:   223        SH:  0    Dex: 20    Spells: 4/4 levels left

rFire   x . .        a - +0 short sword
rCold   . . .        c - orb {light}
rNeg    + + +        j - +0 leather armour
rPois   ∞            (no helmet)
rElec   .            (no cloak)
rCorr   .            l - +1 pair of gloves "Haubly" {rC- Regen+ Str+3 SInv}
SInv    +            (no boots)
Will    .....        (no amulet)
Stlth   +            d - +6 ring of dexterity
HPRegen 1.07/turn    (no ring)
MPRegen 0.09/turn

%: faith
@: glowing
A: cold resistance 1, negative energy resistance 3, torment resistance 2, heat
vulnerability 1, in touch with death 1, no potions, faith
a: no special abilities


You were on level 4 of the Dungeon.
You visited 1 branch of the dungeon, and saw 4 of its levels.

You collected 223 gold pieces.

Inventory:

Hand Weapons
 a - a +0 short sword (weapon)
Missiles
 i - 7 poisoned darts
Armour
 b - a +0 robe
 c - an orb of light (worn)
 j - a +0 leather armour (worn)
 l - the +1 pair of gloves "Haubly" (worn) {rC- Regen+ Str+3 SInv}
   (You found it on level 2 of the Dungeon)

   Str:       It affects your strength (+3).
   rC:        It makes you vulnerable to cold.
   SInv:      It lets you see invisible.
   Regen:     It increases your rate of health regeneration.
Jewellery
 d - a +6 ring of dexterity (left hand)
Scrolls
 e - 2 scrolls of fear
 f - 4 scrolls of teleportation
 g - 2 scrolls of enchant armour {unknown}
 h - a scroll of revelation
 k - a scroll of torment {unknown}


   Skills:
 + Level 3.9 Fighting
 + Level 3.1 Short Blades
 + Level 3.2 Dodging
 * Level 2.5 Necromancy


You had 4 spell levels left.
You didn't know any spells.
Your spell library contained the following spells:

 Spells                   Type           Power      Damage    Failure   Level
 Stone Arrow              Conj/Erth      0%         3d7       77%         3
 Animate Armour           Summ/Erth      0%         N/A       99%         4
 Petrify                  Tmut/Erth      0%         N/A       99%         4
 Irradiate                Conj/Tmut      0%         3d11      100%        5
 Lehudib's Crystal Spear  Conj/Erth      0%         10d2      100%        8
 Sublimation of Blood     Necr           Unusable   N/A       N/A         2

Dungeon Overview and Level Annotations

Branches:
Dungeon (4/15)
 Temple: D:4-7

Altars:
Nemelex Xobeh
Yredelemnul

Shops:
D:2 (

Annotations:
D:3 1 runed translucent door, flestrin's ghost, amateur HOBe


Innate Abilities, Weirdness & Mutations

You are immune to poison.
Your flesh is cold resistant. (rC+)
You are immune to negative energy. (rN+++)
You are immune to unholy pain and torment.
You are vulnerable to heat. (rF-)
You are in touch with the powers of death.
You do not drink.
You have a special connection with the divine. (Faith)


Message History

The orc misses you.
You hit the orc priest.
The orc priest is heavily wounded.
The orc priest hits you with a +0 whip. The orc barely misses you.
You hit the orc priest.
The orc priest is severely wounded.
The orc priest misses you.
You hit the orc priest but do no damage.
The orc priest is heavily wounded.
The orc hits you with a +0 flail.
The orc priest attacks as you move away!
The orc priest hits you but does no damage.
The orc priest looks braver for a moment.
You hit the orc but do no damage. The orc barely misses you.
You hit the orc.
The orc is severely wounded.
The orc hits you with a +0 flail.
You hit the orc but do no damage.
The orc is severely wounded.
The orc barely misses you.
You hit the orc.
You kill the orc!
You hit the goblin.
You kill the goblin!
The orc priest barely misses you.
Things that are here:
a +0 club; a +0 flail; a +0 ring mail You hit the orc priest but do no damage.
The orc priest is heavily wounded.
The orc priest hits you with a +0 whip.
You barely miss the orc priest.
The orc priest is heavily wounded.
The orc priest calls down the wrath of Beogh upon you.
Beogh smites you!
* * * LOW HITPOINT WARNING * * *
You hit the orc priest.
The orc priest is almost dead.
The orc priest mumbles some strange prayers to Beogh against you.
Beogh smites you!
You die...

# ##># ..# .##!.# # #.#
.....#####.####.#
........... ....## .
...#....# ....####..
#†.....## ........#
#...<...# ##....#
........# #..)# ........#
#..@## .........#
#.o#.#.##. .........#
##...........
..........###..##.....>..
...........#...##........
...............#####.....
..............##.........
.................)..#....
.............#...#####...


You could see an orc priest.

Vanquished Creatures
  An orc priest (D:3)
  An orc wizard (D:4)
  6 adders
  2 worms
  4 orcs
  2 endoplasms
  3 giant cockroaches
  6 goblins
  2 hobgoblins (D:1)
  6 jackals
  3 quokkas
  2 ball pythons
  6 bats
  A frilled lizard (D:1)
  3 kobolds
  9 rats
57 creatures vanquished.

Notes
Turn   | Place    | Note
-------+----------+-------------------------------------------
     0 | D:1      | Anon1729 the Mummy Monk began the quest for the Orb.
     0 | D:1      | Reached XP level 1. HP: 18/18 MP: 1/1
   129 | D:1      | Reached XP level 2. HP: 24/24 MP: 2/2
   771 | D:2      | Found Ynkorath's Weapon Emporium.
   949 | D:2      | Reached skill level 1 in Necromancy
  1011 | D:2      | Gained mutation: You are in touch with the powers of death.
                  | [Mummy growth]
  1011 | D:2      | Reached XP level 3. HP: 27/29 MP: 3/3
  1229 | D:2      | Identified the +1 pair of gloves "Haubly" {rC- Regen+ Str+3
                  | SInv}
  1670 | D:3      | Found a basalt altar of Yredelemnul.
  1768 | D:3      | Found a faded altar of an unknown god.
  1974 | D:3      | Found a runed translucent door.
  1975 | D:3      | Noticed flestrin's ghost (amateur HOBe)
  2010 | D:3      | Reached XP level 4. HP: 35/35 MP: 4/4
  2297 | D:3      | Found a sparkling altar of Nemelex Xobeh.
  2652 | D:4      | Reached XP level 5. HP: 42/42 MP: 5/5
  2758 | D:4      | Killed from afar by an orc priest

Illustrated notes

Levels and vault maps discovered:
D:1:      beargit_arrival_greenhouse, layout_loops_ring
D:2:      layout_basic, serial_shops, nicolae_shop_hallway_stairs
D:3:      layout_loops_corners, mainiacjoe_overflow_six_doors_small,
          mainiacjoe_overflow_large_starburst, hellmonk_ghost_happy_afterlife,
          chequers_ecumenical_altar_simple, hex_tiny, st_stairs_7,
          corexii_corridor_pit, reono_crystal_passage, dreamdust_wishing_well,
          minivault_5, guppyfry_early_lair_pool
D:4:      layout_cave_pools, serial_rivers, chequers_serial_rivers_micro_b,
          chequers_serial_rivers_small_b, chequers_serial_rivers_room_a,
          chequers_serial_rivers_micro_c, chequers_serial_rivers_micro_c,
          chequers_serial_rivers_large_a

Skill      XL: |  1  2  3  4 |
---------------+-------------+-----
Necromancy     | 1 2 |  2.5
Dodging        | 3 |  3.2
Short Blades   | 3 |  3.1
Fighting       | |  3.9

Action                     |  1- 3 |  4- 6 || total
---------------------------+-------+-------++-------
  Melee: Short sword       |   129 |    91 ||   220
    Use: Scroll            |     3 |       ||     3
 Armour: Robe              |     6 |       ||     6
         Leather armour    |    16 |    20 ||    36
  Dodge: Dodged            |    79 |    59 ||   138

Table legend: (Time is in decaauts)
 A = Elapsed time spent in this place.
 B = Non-inter-level travel time spent in this place.
 C = Inter-level travel time spent in this place.
 D = Time resting spent in this place.
 E = Time spent auto-exploring this place.
 F = Levels seen in this place.
 G = Mean time per level.
                   A        B        C        D        E       F      G
               +--------+--------+--------+--------+--------+-----+--------+
         Total |   2726 |   2609 |    117 |     84 |   2084 |   4 |  681.5 |
       Dungeon |   2726 |   2609 |    117 |     84 |   2084 |   4 |  681.5 |
               +--------+--------+--------+--------+--------+-----+--------+

Top non-repeatable levels by time:
     D:3: 982 daAuts
     D:2: 867 daAuts
     D:1: 765 daAuts
     D:4: 111 daAuts
